NYP
STATEN ISLAND YANKEES @ LOWELL SPINNERS
08/07/2049
 
TOP OF THE 1ST
Staten Island Yankees batting - Pitching for Lowell Spinners : RHP Tim Tucker
Pitching: RHP Tim Tucker
Batting: LHB Carlos Palau 0-0: Bunted foul
0-1: Foul Ball, location: 2F
0-2: Ball
1-2: Foul Ball, location: 2F
1-2: Fly out, F4 (Line Drive, 4, EV 67.5 MPH)
Batting: LHB Justin Short 0-0: Called Strike
0-1: Ball
1-1: Ball
2-1: Ball
3-1: Ground out 4-3 (Groundball, 4, EV 81.2 MPH)
Batting: RHB Pat Pemberton 0-0: Called Strike
0-1: Called Strike
0-2: Ball
1-2: Foul Ball, location: 2F
1-2: Foul Ball, location: 2F
1-2: Strikes out swinging
Top of the 1st over - 0 runs, 0 hits, 0 errors, 0 left on base; Staten Island 0 - Lowell 0
BOTTOM OF THE 1ST
Lowell Spinners batting - Pitching for Staten Island Yankees : LHP Daniel Fagan
Pitching: LHP Daniel Fagan
Batting: LHB Eric Gaugler 0-0: Ball
1-0: Ball
2-0: Ball
3-0: Called Strike
3-1: Base on Balls
Batting: RHB Willie Camacho 0-0: Foul Ball, location: 2F
0-1: Ball
1-1: SINGLE (Groundball, 56D, EV 95.0 MPH)
Eric Gaugler to second
Batting: RHB Tony Gallegos 0-0: SINGLE (Line Drive, 4M, EV 99.4 MPH)
Eric Gaugler to third
Willie Camacho to second
Batting: RHB Dominique Paolozzi 0-0: Called Strike
0-1: Called Strike
0-2: Ball
1-2: Foul Ball, location: 2F
1-2: Ball
2-2: Ball
3-2: DOUBLE (Line Drive, 7LM, EV 93.1 MPH)
Eric Gaugler scores
Willie Camacho scores
Tony Gallegos to third
Batting: RHB Bakhtiar Asadov 0-0: Ball
1-0: Ball
2-0: Called Strike
2-1: Swinging Strike
2-2: Foul Ball, location: 2F
2-2: Ball
3-2: Foul Ball, location: 2F
3-2: Base on Balls
Batting: SHB Matsudaira Ikeda 0-0: Foul Ball, location: 2F
0-1: DOUBLE (Line Drive, 8LXD, EV 101.9 MPH)
Tony Gallegos scores
Dominique Paolozzi scores
Bakhtiar Asadov to third
Batting: LHB Javier Cajina 0-0: Reached on error, E5 (Groundball, 5, EV 83.1 MPH)
Bakhtiar Asadov scores
Matsudaira Ikeda to third
Batting: RHB Mike Strey 0-0: Fly out, F7 (Flyball, 7, EV 93.1 MPH)
Batting: RHB Jose Molina 0-0: Ball
Javier Cajina steals 2nd base
1-0: Called Strike
1-1: Fly out, F7 (Flyball, 7S, EV 95.0 MPH)
Runner from 3rd tags up, SCORES, throw by LF
Javier Cajina to third
Batting: LHB Eric Gaugler 0-0: Ball
1-0: Called Strike
1-1: Ball
2-1: Foul Ball, location: 2F
2-2: Strikes out swinging
Bottom of the 1st over - 6 runs, 4 hits, 1 error, 1 left on base; Staten Island 0 - Lowell 6
TOP OF THE 2ND
Staten Island Yankees batting - Pitching for Lowell Spinners : RHP Tim Tucker
Batting: RHB Brad Wren 0-0: Foul Ball, location: 2F
0-1: Ball
1-1: Foul Ball, location: 2F
1-2: Foul Ball, location: 2F
1-2: Fly out, F8 (Line Drive, 8LD, EV 86.9 MPH)
Batting: SHB Adam Slade 0-0: Ball
1-0: Swinging Strike
1-1: Called Strike
1-2: Ball
2-2: Strikes out swinging
Batting: RHB Edite Leoni 0-0: Foul Ball, location: 2F
0-1: Foul Ball, location: 2F
0-2: Foul Ball, location: 2F
0-2: Ball
1-2: Foul Ball, location: 2F
1-2: Ball
2-2: Foul Ball, location: 2F
2-2: Ball
3-2: Foul Ball, location: 2F
3-2: Base on Balls
Batting: LHB Danny de Leon 0-0: Called Strike
0-1: Ball
1-1: Ball
2-1: Called Strike
2-2: Strikes out swinging
Top of the 2nd over - 0 runs, 0 hits, 0 errors, 1 left on base; Staten Island 0 - Lowell 6
BOTTOM OF THE 2ND
Lowell Spinners batting - Pitching for Staten Island Yankees : LHP Daniel Fagan
Batting: RHB Willie Camacho 0-0: Ball
1-0: Foul Ball, location: 2F
1-1: Ball
2-1: Foul Ball, location: 2F
2-2: Ball
3-2: Strikes out swinging
Batting: RHB Tony Gallegos 0-0: Called Strike
0-1: Foul Ball, location: 2F
0-2: Strikes out swinging
Batting: RHB Dominique Paolozzi 0-0: Foul Ball, location: 2F
0-1: Foul Ball, location: 2F
0-2: Ground out 6-3 (Groundball, 6, EV 80.6 MPH)
Bottom of the 2nd over - 0 runs, 0 hits, 0 errors, 0 left on base; Staten Island 0 - Lowell 6
TOP OF THE 3RD
Staten Island Yankees batting - Pitching for Lowell Spinners : RHP Tim Tucker
Batting: RHB Jesus Ruiz 0-0: Ball
1-0: Foul Ball, location: 2F
1-1: Ball
2-1: Called Strike
2-2: Ball
3-2: Base on Balls
Batting: RHB Norimoto Miyanishi 0-0: Ground out 6-3 (Groundball, 6S, EV 65.6 MPH)
Jesus Ruiz to second
Batting: LHB Carlos Palau 0-0: Swinging Strike
0-1: Ball
1-1: Foul Ball, location: 2F
1-2: Strikes out swinging
Batting: LHB Justin Short 0-0: Ball
1-0: Ball
2-0: Ball
3-0: Called Strike
3-1: Base on Balls
Batting: RHB Pat Pemberton 0-0: Called Strike
0-1: Ball
1-1: Ground out 3-1 (Groundball, 34S, EV 85.6 MPH)
Top of the 3rd over - 0 runs, 0 hits, 0 errors, 2 left on base; Staten Island 0 - Lowell 6
BOTTOM OF THE 3RD
Lowell Spinners batting - Pitching for Staten Island Yankees : LHP Daniel Fagan
Batting: RHB Bakhtiar Asadov 0-0: Ball
1-0: Ball
2-0: Ball
3-0: Called Strike
3-1: Base on Balls
Pitching: RHP Jake Bryant
Batting: SHB Matsudaira Ikeda 0-0: Called Strike
0-1: Foul Ball, location: 2F
0-2: Ball
1-2: TRIPLE (Flyball, 78XD, EV 98.1 MPH)
Bakhtiar Asadov scores
Batting: LHB Javier Cajina 0-0: Ball
1-0: Swinging Strike
1-1: Ball
2-1: Ball
3-1: Foul Ball, location: 2F
3-2: Foul Ball, location: 2F
3-2: Fly out, F8 (Flyball, 89S, EV 88.8 MPH)
Batting: RHB Mike Strey 0-0: Called Strike
0-1: Ball
1-1: Ball
2-1: Swinging Strike
2-2: Foul Ball, location: 2F
2-2: Strikes out swinging
Batting: RHB Jose Molina 0-0: Foul Ball, location: 2F
0-1: Ball
1-1: Ball
2-1: Swinging Strike
2-2: Foul Ball, location: 2F
2-2: Strikes out swinging
Bottom of the 3rd over - 1 run, 1 hit, 0 errors, 1 left on base; Staten Island 0 - Lowell 7
TOP OF THE 4TH
Staten Island Yankees batting - Pitching for Lowell Spinners : RHP Tim Tucker
Batting: RHB Brad Wren 0-0: Swinging Strike
0-1: Ball
1-1: Called Strike
1-2: Ground out 5-3 (Groundball, 56, EV 81.9 MPH)
Batting: SHB Adam Slade 0-0: Ball
1-0: Ball
2-0: Foul Ball, location: 2F
2-1: Ball
3-1: Base on Balls
Batting: RHB Edite Leoni 0-0: Hit by Pitch
Adam Slade to second
Batting: LHB Danny de Leon 0-0: Foul Ball, location: 2F
0-1: Foul Ball, location: 2F
0-2: Ball
1-2: Strikes out swinging
Batting: RHB Jesus Ruiz 0-0: Ball
1-0: Swinging Strike
1-1: Swinging Strike
1-2: Ball
2-2: Fly out, F8 (Flyball, 8LD, EV 85.0 MPH)
Top of the 4th over - 0 runs, 0 hits, 0 errors, 2 left on base; Staten Island 0 - Lowell 7
BOTTOM OF THE 4TH
Lowell Spinners batting - Pitching for Staten Island Yankees : RHP Jake Bryant
Batting: LHB Eric Gaugler 0-0: Ball
1-0: Hit by Pitch
Batting: RHB Willie Camacho 0-0: Called Strike
0-1: Called Strike
0-2: Strikes out swinging
Batting: RHB Tony Gallegos 0-0: Ball
Passed Ball!
Eric Gaugler to second
1-0: Called Strike
1-1: Ball
2-1: Foul Ball, location: 2F
2-2: Strikes out swinging
Pitching: LHP Loo Lei
Batting: RHB Dominique Paolozzi 0-0: Ball
1-0: Ball
2-0: Ball
3-0: Called Strike
3-1: Base on Balls
Batting: RHB Bakhtiar Asadov 0-0: Called Strike
0-1: Ball
1-1: Ball
2-1: Ball
3-1: Called Strike
3-2: Base on Balls
Eric Gaugler to third
Dominique Paolozzi to second
Batting: SHB Matsudaira Ikeda 0-0: Called Strike
0-1: Foul Ball, location: 2F
0-2: Ball
1-2: DOUBLE (Flyball, 89XD, EV 98.1 MPH)
Eric Gaugler scores
Dominique Paolozzi scores
Bakhtiar Asadov to third
Runner from 3rd tries for Home, SAFE, no throw by RF
Batting: LHB Javier Cajina 0-0: Ground out 6-3 (Groundball, 6, EV 104.4 MPH)
Bottom of the 4th over - 3 runs, 1 hit, 0 errors, 1 left on base; Staten Island 0 - Lowell 10
TOP OF THE 5TH
Staten Island Yankees batting - Pitching for Lowell Spinners : RHP Tim Tucker
Batting: RHB Norimoto Miyanishi 0-0: Swinging Strike
0-1: Foul Ball, location: 2F
0-2: Strikes out swinging
Batting: LHB Carlos Palau 0-0: Ball
1-0: Ball
2-0: Ball
3-0: Called Strike
3-1: SINGLE (Line Drive, 8RS, EV 113.1 MPH)
Batting: LHB Justin Short 0-0: Called Strike
Carlos Palau steals 2nd base
0-1: Swinging Strike
0-2: Ball
1-2: Strikes out looking
Batting: RHB Pat Pemberton 0-0: Ball
1-0: Ball
2-0: Ball
3-0: Ground out 5-3 (Groundball, 56S, EV 72.5 MPH)
Top of the 5th over - 0 runs, 1 hit, 0 errors, 1 left on base; Staten Island 0 - Lowell 10
BOTTOM OF THE 5TH
Lowell Spinners batting - Pitching for Staten Island Yankees : LHP Loo Lei
Batting: RHB Mike Strey 0-0: Ground out 1-3 (Groundball, 34S, EV 62.5 MPH)
Batting: RHB Jose Molina 0-0: Ball
1-0: Ball
2-0: Ball
3-0: Foul Ball, location: 2F
3-1: Called Strike
3-2: Foul Ball, location: 2F
3-2: SINGLE (Flyball, 8RS, EV 87.5 MPH)
Batting: LHB Eric Gaugler 0-0: Called Strike
0-1: Foul Ball, location: 2F
0-2: Strikes out swinging
Batting: RHB Willie Camacho 0-0: Ball
Passed Ball!
Jose Molina to second
1-0: Foul Ball, location: 2F
1-1: Swinging Strike
1-2: Foul Ball, location: 2F
1-2: Foul Ball, location: 2F
1-2: Ball
2-2: Foul Ball, location: 2F
2-2: SINGLE (Line Drive, 8LS, EV 103.8 MPH)
Jose Molina to third
Runner from 3rd tries for Home, throw by CF and OUT! 8-2
Bottom of the 5th over - 0 runs, 2 hits, 0 errors, 1 left on base; Staten Island 0 - Lowell 10
TOP OF THE 6TH
Staten Island Yankees batting - Pitching for Lowell Spinners : RHP Tim Tucker
Batting: RHB Brad Wren 0-0: Foul Ball, location: 2F
0-1: Ball
1-1: Foul Ball, location: 2F
1-2: Foul Ball, location: 2F
1-2: Ball
2-2: Foul Ball, location: 2F
2-2: Ball
3-2: Fly out, F9 (Flyball, 8RS, EV 85.6 MPH)
Batting: SHB Adam Slade 0-0: Ball
1-0: Ball
2-0: Ball
3-0: Called Strike
3-1: Base on Balls
Pitching: RHP Jose Abanto
Batting: RHB Edite Leoni 0-0: Ball
Adam Slade steals 2nd base
Pinch Runner at 2nd Matt Thompson: 1-0: Swinging Strike
1-1: Called Strike
1-2: Foul Ball, location: 2F
1-2: Ball
2-2: Ball
3-2: Base on Balls
Batting: LHB Danny de Leon 0-0: Ball
1-0: Called Strike
1-1: Called Strike
1-2: Ball
2-2: Ball
3-2: Strikes out swinging
Batting: RHB Jesus Ruiz 0-0: Called Strike
0-1: Ball
1-1: Ball
2-1: Foul Ball, location: 2F
2-2: Ball
3-2: Strikes out swinging
Top of the 6th over - 0 runs, 0 hits, 0 errors, 2 left on base; Staten Island 0 - Lowell 10
BOTTOM OF THE 6TH
Lowell Spinners batting - Pitching for Staten Island Yankees : LHP Loo Lei
Now at SS: Matt Thompson
Batting: RHB Tony Gallegos 0-0: Called Strike
0-1: Foul Ball, location: 2F
0-2: Strikes out swinging, 2-3 out at first.
Pitching: RHP Nate LaCava
Batting: RHB Dominique Paolozzi 0-0: Called Strike
0-1: Swinging Strike
0-2: Strikes out swinging
Batting: RHB Bakhtiar Asadov 0-0: Ball
1-0: Ball
2-0: SINGLE (Groundball, 4M, EV 97.5 MPH)
Batting: SHB Matsudaira Ikeda 0-0: Ground out 4-3 (Groundball, 4, EV 111.9 MPH)
Bottom of the 6th over - 0 runs, 1 hit, 0 errors, 1 left on base; Staten Island 0 - Lowell 10
TOP OF THE 7TH
Staten Island Yankees batting - Pitching for Lowell Spinners : RHP Jose Abanto
Batting: RHB Norimoto Miyanishi 0-0: Called Strike
0-1: Ball
1-1: Ground out 6-3 (Groundball, 6S, EV 83.1 MPH)
Batting: LHB Carlos Palau 0-0: Ball
1-0: Ball
2-0: Called Strike
2-1: Ground out 4-3 (Groundball, 4, EV 100.6 MPH)
Batting: LHB Justin Short 0-0: Called Strike
0-1: Foul Ball, location: 2F
0-2: Foul Ball, location: 2F
0-2: Ball
1-2: Ball
2-2: Strikes out swinging
Top of the 7th over - 0 runs, 0 hits, 0 errors, 0 left on base; Staten Island 0 - Lowell 10
BOTTOM OF THE 7TH
Lowell Spinners batting - Pitching for Staten Island Yankees : RHP Nate LaCava
Batting: LHB Javier Cajina 0-0: Foul Ball, location: 2F
0-1: Ball
1-1: Foul Ball, location: 2F
1-2: Ball
2-2: Ball
3-2: Base on Balls
Pinch Hitting: RHB John Doucette 0-0: SINGLE (Groundball, 6S, EV 99.4 MPH)
Javier Cajina to second
Pinch Hitting: LHB Stanislav Parusov 0-0: Ball
1-0: Called Strike
1-1: Ball
2-1: Foul Ball, location: 2F
2-2: Fielders Choice at 2nd, 4-6 (Groundball, 4M, EV 81.9 MPH)
Javier Cajina to third
Batting: LHB Eric Gaugler 0-0: Called Strike
0-1: Called Strike
0-2: Foul Ball, location: 2F
0-2: Foul Ball, location: 2F
0-2: Strikes out swinging
Batting: RHB Willie Camacho 0-0: Fly out, F8 (Flyball, 78S, EV 80.6 MPH)
Bottom of the 7th over - 0 runs, 1 hit, 0 errors, 2 left on base; Staten Island 0 - Lowell 10
TOP OF THE 8TH
Staten Island Yankees batting - Pitching for Lowell Spinners : RHP Jose Abanto
Now at C: John Doucette
Now at 3B: Stanislav Parusov
Batting: RHB Pat Pemberton 0-0: SINGLE (Groundball, 56S, EV 67.5 MPH) (infield hit)
Batting: RHB Brad Wren 0-0: Called Strike
0-1: Swinging Strike
0-2: Strikes out swinging
Batting: RHB Matt Thompson 0-0: Fly out, F9 (Flyball, 9, EV 91.9 MPH)
Pinch Hitting: RHB Alex Blanco 0-0: Ball
1-0: Ball
2-0: Swinging Strike
2-1: Ball
3-1: Base on Balls
Pat Pemberton to second
Pitching: RHP Mike Goodwin
Batting: LHB Danny de Leon 0-0: Ball
1-0: TRIPLE (Line Drive, 78XD, EV 101.2 MPH)
Pat Pemberton scores
Alex Blanco scores
Batting: RHB Jesus Ruiz 0-0: Ball
1-0: Swinging Strike
1-1: Foul Ball, location: 2F
1-2: Ball
2-2: Ball
3-2: Foul Ball, location: 2F
3-2: Foul Ball, location: 2F
3-2: Ground out 4-3 (Groundball, 4, EV 83.1 MPH)
Top of the 8th over - 2 runs, 2 hits, 0 errors, 1 left on base; Staten Island 2 - Lowell 10
BOTTOM OF THE 8TH
Lowell Spinners batting - Pitching for Staten Island Yankees : RHP Nate LaCava
Now at 1B: Alex Blanco
Batting: RHB Tony Gallegos 0-0: Fly out, F9 (Flyball, 89M, EV 73.1 MPH)
Batting: RHB Dominique Paolozzi 0-0: Ball
1-0: Foul Ball, location: 2F
1-1: Foul Ball, location: 2F
1-2: Fly out, F7 (Line Drive, 7S, EV 102.5 MPH)
Batting: RHB Bakhtiar Asadov 0-0: Ball
1-0: Called Strike
1-1: Ball
2-1: DOUBLE (Line Drive, 8LD, EV 101.2 MPH)
Pitching: LHP Matt Cusatis
Batting: SHB Matsudaira Ikeda 0-0: Foul Ball, location: 2F
0-1: Ball
1-1: SINGLE (Line Drive, 9LS, EV 100.0 MPH)
Bakhtiar Asadov to third
Runner from 3rd tries for Home, SAFE, throw by RF to home
Matsudaira Ikeda to second
Batting: LHB Javier Cajina 0-0: Ball
1-0: Ball
2-0: Ball
3-0: Called Strike
3-1: Base on Balls
Batting: RHB John Doucette 0-0: Called Strike
0-1: Called Strike
0-2: Ball
1-2: Ball
2-2: Ground out 3-1 (Groundball, 34S, EV 84.4 MPH)
Bottom of the 8th over - 1 run, 2 hits, 0 errors, 2 left on base; Staten Island 2 - Lowell 11
TOP OF THE 9TH
Staten Island Yankees batting - Pitching for Lowell Spinners : RHP Mike Goodwin
Batting: RHB Norimoto Miyanishi 0-0: Swinging Strike
0-1: Foul Ball, location: 2F
0-2: Ball
1-2: Ball
2-2: Foul Ball, location: 2F
2-2: Strikes out swinging
Batting: LHB Carlos Palau 0-0: Called Strike
0-1: Ball
1-1: Swinging Strike
1-2: Foul Ball, location: 2F
1-2: Ball
2-2: Ground out 6-3 (Groundball, 6, EV 83.8 MPH)
Batting: LHB Justin Short 0-0: Ball
1-0: Ball
2-0: Ball
3-0: Called Strike
3-1: Base on Balls
Batting: RHB Pat Pemberton 0-0: Ball
1-0: Swinging Strike
1-1: Ball
2-1: Foul Ball, location: 2F
2-2: Ball
3-2: Strikes out swinging
Top of the 9th over - 0 runs, 0 hits, 0 errors, 1 left on base; Staten Island 2 - Lowell 11
Sunday, July 16th , 2023 - OOTP Baseball 24.6 Build 69